 Dungeon Crawl Stone Soup version 0.20.1-1-g8b1a95d (webtiles) character file.

84 pnugent3 the Magician (level 4, -4/24 HPs)
             Began as a Deep Elf Fire Elementalist on Nov 5, 2017.
             Slain by Terence
             ... wielding a +3 trident of freezing
              (11 damage)
             ... on level 3 of the Dungeon.
             The game lasted 01:04:05 (1818 turns).

pnugent3 the Magician (Deep Elf Fire Elementalist)  Turns: 1818, Time: 01:04:06

Health: -4/24      AC:  3    Str:  5    XL:     4   Next: 24%
Magic:  7/12       EV: 12    Int: 21    God:
Gold:   67         SH:  0    Dex: 15    Spells: 1/11 levels left

rFire    x . .     SeeInvis .   n - +0 mace
rCold    + . .     Gourm    +   (no shield)
rNeg     . . .     Faith    .   u - +0 leather armour
rPois    .         Spirit   .   (no helmet)
rElec    .         Reflect  .   (no cloak)
rCorr    .         Harm     .   (no gloves)
MR       .....                  (no boots)
Stlth    ++........             m - amulet of the gourmand
Regen    0.1/turn               e - ring of ice
MPRegen  0.2/turn               (no ring)

@: very slightly contaminated
A: no striking features
a: no special abilities


You were on level 3 of the Dungeon.
You were completely stuffed.

You visited 1 branch of the dungeon, and saw 3 of its levels.

You collected 67 gold pieces.

Inventory:

Hand Weapons
 j - a +0 vampiric short sword
 n - a +0 mace (weapon)
 s - a cursed +0 hunting sling
 t - a +0 rapier
Missiles
 k - 50 stones (quivered)
 o - 22 sling bullets
 q - 32 arrows
Armour
 a - a +0 robe
 u - a +0 leather armour (worn)
Jewellery
 e - a ring of ice (left hand)
 m - an amulet of the gourmand (around neck)
Scrolls
 d - 2 scrolls of immolation {unknown}
 h - 3 scrolls of remove curse {unknown}
 i - a scroll of blinking {unknown}
 l - 3 scrolls of teleportation {unknown}
 p - a scroll of noise {unknown}
 w - a scroll of identify {unknown}
Potions
 f - a potion of heal wounds {unknown}
 g - a potion of mutation {unknown}
Books
 b - a book of Flames

   Spells                             Type                      Level
   a - Flame Tongue                   Conjuration/Fire             1
   b - Throw Flame                    Conjuration/Fire             2
   c - Conjure Flame                  Conjuration/Fire             3
   d - Inner Flame                    Hexes/Fire                   3
   e - Sticky Flame                   Conjuration/Fire             4
   f - Fireball                       Conjuration/Fire             5
Comestibles
 c - a bread ration
 r - a royal jelly
 v - 2 fruits


   Skills:
 * Level 3.4 Dodging
 - Level 2.8 Stealth
 * Level 4.0 Spellcasting
 * Level 2.1 Conjurations
 * Level 3.8 Fire Magic


You had one spell level left.
You knew the following spells:

 Your Spells              Type           Power        Failure   Level  Hunger
a - Flame Tongue          Conj/Fire      ###..        6%          1    None
b - Conjure Flame         Conj/Fire      ###.....     17%         3    ###....
c - Throw Flame           Conj/Fire      ###...       9%          2    #......
d - Sticky Flame          Conj/Fire      ###.....     50%         4    ####...


Dungeon Overview and Level Annotations

Branches:
Dungeon (3/15)

Altars:

Annotations:
D:3 Terence


Message History

Terence misses you.
Casting: Flame Tongue
Confirm with . or Enter, or press ? or * to list all spells.
Aiming: Flame Tongue
Press: ? - help, Shift-Dir - straight line, f/p - Terence
Aim: Terence, wielding a trident of freezing and wearing a chain mail (lightly wounded)
The flame tongue hits Terence.
Terence is moderately wounded.
Terence hits you from afar with a trident of freezing.
* * * LOW HITPOINT WARNING * * *
Casting: Flame Tongue
Confirm with . or Enter, or press ? or * to list all spells.
Aiming: Flame Tongue
Press: ? - help, Shift-Dir - straight line, f/p - Terence
Aim: Terence, wielding a trident of freezing and wearing a chain mail (moderately wounded)
You miscast Flame Tongue.
You are very lightly contaminated with residual magic.
Nothing appears to happen.
Terence hits you from afar with a trident of freezing!
You die...

#..........................
#.....#.############....#.#
#.....#..†.........#.......
..### ####.###.............
. ...# ##.#..#....... ##..#
#.#..#.....## #..#
#.#..#.....#
#..####.#..#......
#.@.......<.....
........####.........
.......@# ...........
######..####......... #...
.......... ...# ##.........
#.... .......... ##..#
##...####.


You could see Terence.

Vanquished Creatures
  4 adders
  A worm (D:2)
  A leopard gecko (D:2)
  7 giant cockroaches
  4 goblins
  3 hobgoblins
  4 jackals (D:2)
  2 ball pythons (D:2)
  7 bats
  3 frilled lizards
  3 kobolds
  4 rats
43 creatures vanquished.

Notes
Turn   | Place    | Note
-------+----------+-------------------------------------------
     0 | D:1      | pnugent3 the Deep Elf Fire Elementalist began the quest for the Orb.
     0 | D:1      | Reached XP level 1. HP: 10/10 MP: 6/6
   426 | D:1      | Reached XP level 2. HP: 13/15 MP: 4/8
  1308 | D:2      | Reached XP level 3. HP: 19/19 MP: 6/9
  1669 | D:2      | Learned a level 3 spell: Conjure Flame
  1716 | D:2      | Learned a level 2 spell: Throw Flame
  1741 | D:3      | Reached skill level 4 in Spellcasting
  1741 | D:3      | Reached XP level 4. HP: 24/24 MP: 4/12
  1750 | D:3      | Learned a level 4 spell: Sticky Flame
  1812 | D:3      | Noticed Terence
  1818 | D:3      | Slain by Terence

Skill      XL: |  1  2  3  4 |
---------------+-------------+-----
Dodging        | 3 |  3.4
Spellcasting   | 4 |  4.0
Conjurations   | 2 |  2.1
Stealth        | |  2.8
Fire Magic     | |  3.8

Action                   |  1- 3 |  4- 6 || total
-------------------------+-------+-------++-------
Melee: Mace              |     1 |       ||     1
 Cast: Flame Tongue      |    69 |     6 ||    75
       Throw Flame       |     2 |       ||     2
  Eat: Chunk             |    15 |       ||    15
       Royal jelly       |     1 |       ||     1
Armor: Robe              |     8 |       ||     8
Dodge: Dodged            |    21 |     2 ||    23
